 Dungeon Crawl Stone Soup version 0.28.0-43-g3370ac3207 (webtiles) character file.

Game seed: 17518678300897716669

96 Pinkishskies the Magician (level 4, -3/31 HPs)
             Began as a Djinni Fire Elementalist on Mar 9, 2022.
             Slain by Pargi (4 damage)
             ... on level 4 of the Dungeon.
             The game lasted 00:09:34 (3610 turns).

Pinkishskies the Magician (DjFE)                    Turns: 3610, Time: 00:09:34

Health: -3/31      AC:  3    Str:  7    XL:     4   Next: 98%
Gold:   144        EV: 12    Int: 18    God:
                   SH:  0    Dex: 14

rFire   + + .      SeeInvis .   b - +0 dagger
rCold   x . .      Faith    .   (no shield)
rNeg    . . .      Spirit   .   a - +0 robe
rPois   ∞          Reflect  .   k - +0 helmet
rElec   .          Harm     .   (no cloak)
rCorr   .          Rampage  .   (no gloves)
Will    .....                   (boots unavailable)
Stlth   ++........              (no amulet)
HPRegen 0.10/turn               (no ring)
MPRegen 0.00/turn               (no ring)

@: flying
A: sickness immunity, fire resistance 2, cold vulnerability 1, float, innate
caster, HP casting, extra vitality 1
a: no special abilities


You were on level 4 of the Dungeon.
You visited 1 branch of the dungeon, and saw 4 of its levels.
You also visited: Sewer.

You collected 144 gold pieces.

Inventory:

Hand Weapons
 b - a +0 dagger (weapon)
Armour
 a - a +0 robe (worn)
 k - a +0 helmet (worn)
Jewellery
 q - an amulet of reflection
Scrolls
 d - 3 scrolls of teleportation {unknown}
 g - 2 scrolls of vulnerability {unknown}
 h - 2 scrolls of fear {unknown}
 i - 2 scrolls of noise {unknown}
 j - a scroll of silence {unknown}
 l - a scroll of amnesia {unknown}
 n - a scroll of fog {unknown}
 p - a scroll of identify {unknown}
 r - a scroll of brand weapon {unknown}
Potions
 c - a potion of brilliance {unknown}
 e - 2 potions of flight {unknown}
 f - 2 potions of heal wounds {unknown}
 m - a potion of curing {unknown}
 o - a potion of berserk rage {unknown}
 s - a potion of haste {unknown}


   Skills:
 * Level 2.8 Dodging
 * Level 2.1 Stealth
 + Level 3.6 Spellcasting


You couldn't memorise any spells.
You knew the following spells:

 Your Spells              Type           Power      Damage    Failure   Level
a - Foxfire               Conj/Fire      64%        2x1d7     3%          1
b - Scorch                Fire           32%        2d7       4%          2
c - Conjure Flame         Conj/Fire      16%        6-21      10%         3
d - Inner Flame           Hex/Fire       16%        N/A       10%         3
e - Flame Wave            Conj/Fire      16%        2d6       32%         4
f - Pain                  Necr           64%        1d7       3%          1
Your spell library was empty.

Dungeon Overview and Level Annotations

Branches:
Dungeon (4/15)              Sewer (visited)
 Temple: D:4-7

Altars:
Gozag
Uskayaw
Xom

Shops:
D:3 :

Annotations:
D:2 Sigmund
D:4 Pargi


Innate Abilities, Weirdness & Mutations

You are immune to sickness and miasma.
You are immune to poison.
Your flesh is very heat resistant. (rF++)
You are vulnerable to cold. (rC-)
You float through the air rather than walking.
You learn spells naturally, not from books.
Your magical power is your life essence.
You have superior vitality. (+4 MHP)


Message History

Flames lash Pargi.
Pargi is lightly wounded.
Pargi's fire resistance burns away.
Pargi bites you but does no damage. Pargi misses you. Pargi claws you.
You conjure some foxfire!
Pargi barely misses you. x2; Pargi claws you.
You are too injured to fight recklessly!
The foxfire hits Pargi!
Pargi is burned terribly!
Pargi is moderately wounded.
The foxfire hits Pargi.
Pargi is burned terribly!
Pargi is heavily wounded.
Pargi closely misses you. Pargi claws you. Pargi closely misses you.
Pargi bites you but does no damage. Pargi completely misses you.
Pargi claws you but does no damage.
Casting: Foxfire (safe; 3% risk of failure)
Confirm with . or Enter, or press ? or * to list all spells.
You conjure some foxfire!
Pargi is no longer more vulnerable to fire.
Pargi bites you!
* * * LOW HITPOINT WARNING * * *
Pargi claws you.
* * * LOW HITPOINT WARNING * * *
Pargi claws you but does no damage.
The foxfire hits Pargi.
Pargi is heavily wounded.
The foxfire hits Pargi.
Pargi is severely wounded.
Pargi clenches his claws.
There is a gate leading back out of this place here.
Pargi bites you.
* * * LOW HITPOINT WARNING * * *
Pargi closely misses you. Pargi misses you.
Welcome back to the Dungeon!
There is a collapsed entrance here.
You are too injured to fight recklessly!
Casting: Foxfire (safe; 3% risk of failure)
Confirm with . or Enter, or press ? or * to list all spells.
You conjure some foxfire!
* * * LOW HITPOINT WARNING * * *
Pargi barely misses you. Pargi closely misses you. Pargi claws you.
You die...

## ... #.. ... ..
#.# .. ...
##.##$##...
#####...#....!.
.........v.....
#........#
##########.<...###
#v@T≈≈≈≈≈≈.......#
##########.........
#.).####.## ##### #


You could see Pargi (ally target).

Vanquished Creatures
  A centaur skeleton (D:4)
  2 adders
  An adder skeleton (D:3)
  2 worms
  A dart slug (D:3)
  2 endoplasms
  A giant cockroach (D:2)
  3 goblins
  3 hobgoblins
  A jackal (D:1)
  2 quokkas
  3 ball pythons
  5 bats
  5 frilled lizards
  8 kobolds
  2 rats
42 creatures vanquished.

Vanquished Creatures (collateral kills)
  A foxfire (D:3)
1 creature vanquished.

Vanquished Creatures (others)
  193 foxfires
  2 plants (D:3)
195 creatures vanquished.

Grand Total: 238 creatures vanquished

Notes
Turn   | Place    | Note
-------+----------+-------------------------------------------
     0 | D:1      | Pinkishskies the Djinni Fire Elementalist began the quest
                  | for the Orb.
     0 | D:1      | Reached XP level 1. HP: 15/15 MP: 0/0
   169 | D:1      | Reached XP level 2. HP: 16/21 MP: 0/0
  1010 | D:1      | Reached skill level 3 in Spellcasting
  1375 | D:2      | Reached XP level 3. HP: 21/25 MP: 0/0
  1375 | D:2      | Learned a level 1 spell: Pain
  1607 | D:2      | Found a shimmering altar of Xom.
  1838 | D:2      | Noticed Sigmund
  2046 | D:2      | Found a faded altar of an unknown god.
  2148 | D:3      | Found Ydeny's Book Shoppe.
  2203 | D:3      | Found an opulent altar of Gozag.
  2465 | D:3      | Found a shimmering altar of Xom.
  2869 | D:3      | Reached XP level 4. HP: 21/31 MP: 0/0
  2968 | D:3      | Found a hide-covered altar of Uskayaw.
  3349 | D:4      | Found a glowing drain.
  3362 | Sewer    | Entered a sewer
  3595 | Sewer    | Noticed Pargi
  3610 | D:4      | Slain by Pargi

Illustrated notes

Levels and vault maps discovered:
D:1:      dpeg_arrival_brainrot, layout_rooms, minivault_23, minmay_unequal
D:2:      layout_loops_ring, ebering_ecumenical_altar_hall, basic_altar,
          uniq_sigmund
D:3:      layout_rooms, lemuel_round_altar, mainiacjoe_overflow_brackets,
          grunt_gozag_statues, serial_shops, nicolae_shop_crystal,
          serial_bayou_lagoon_b
D:4:      layout_loops_ring, portal_sewer_entry_d, kennysheep_generic_room_12,
          uniq_ijyb

Skill      XL: |  1  2  3 |
---------------+----------+-----
Spellcasting   | 3 |  3.6
Stealth        | 2 |  2.1
Dodging        | |  2.8

Action                   |  1- 3 |  4- 6 || total
-------------------------+-------+-------++-------
Melee: Dagger            |     3 |       ||     3
 Cast: Foxfire           |   103 |    27 ||   130
       Scorch            |     1 |     1 ||     2
       Pain              |     8 |       ||     8
       Conjure Flame     |       |     1 ||     1
Armor: Robe              |     1 |     8 ||     9
Dodge: Dodged            |     3 |    15 ||    18
